 Dungeon Sprint DCSS version 0.21.1-1-g345015f (webtiles) character file.

177 doot the Covert (level 5, -10/29 HPs)
             Began as a Deep Elf Enchanter on May 1, 2018.
             Killed from afar by a wizard (22 damage)
             ... with a bolt of cold
             ... in the Dungeon (Sprint III: "The Ten Rune Challenge").
             The game lasted 00:03:28 (380 turns).

doot the Covert (Deep Elf Enchanter)                 Turns: 380, Time: 00:03:28

Health: -10/29     AC:  2    Str:  5    XL:     5   Next: 30%
Magic:  10/15      EV: 14    Int: 21    God:
Gold:   43         SH:  0    Dex: 15    Spells: 4/16 levels left

rFire    . . .     SeeInvis .   a - +1 dagger
rCold    . . .     Gourm    .   (no shield)
rNeg     . . .     Faith    .   b - +0 robe
rPois    .         Spirit   .   (no helmet)
rElec    .         Reflect  .   (no cloak)
rCorr    .         Harm     .   (no gloves)
MR       .....     NoTele   +   (no boots)
Stlth    ++++......             (no amulet)
HPRegen  0.09/turn              (no ring)
MPRegen  0.14/turn              (no ring)

@: no status effects
A: no striking features
a: no special abilities


You were in the Dungeon.
You were not hungry.

You visited 1 branch You collected 43 gold pieces.

Inventory:

Hand Weapons
 a - a +1 dagger (weapon)
Armour
 b - a +0 robe (worn)
Scrolls
 j - a scroll of blinking
 l - 2 scrolls of torment {unknown}
 m - 4 scrolls of identify
 n - a scroll of amnesia {unknown}
Potions
 e - 2 potions of curing
 f - a potion of heal wounds
 g - a potion of haste
 h - a potion of magic
 i - a potion of berserk rage
 k - 5 potions of mutation
 o - a potion of flight {unknown}
Books
 c - a book of Maledictions

   Spells                             Type                      Level
   a - Corona                         Hexes                        1
   b - Ensorcelled Hibernation        Hexes/Ice                    2
   c - Confuse                        Hexes                        3
   d - Tukima's Dance                 Hexes                        3
   e - Dazzling Spray                 Conjuration/Hexes            3
Comestibles
 d - 3 rations
 p - 2 chunks of flesh


   Skills:
 + Level 1.1 Fighting
 + Level 2.6 Short Blades
 + Level 4.4 Dodging
 + Level 9.3 Stealth
 + Level 6.0 Spellcasting
 + Level 0.3 Conjurations
 + Level 9.1 Hexes


You had 4 spell levels left.
You knew the following spells:

 Your Spells              Type           Power        Failure   Level  Hunger
a - Corona                Hex            #####..      1%          1    None
b - Ensorcelled Hibernat  Hex/Ice        ####..       2%          2    None
c - Confuse               Hex            #####...     1%          3    ##.....
d - Dazzling Spray        Conj/Hex       ####..       4%          3    ##.....
e - Tukima's Dance        Hex            #####...     1%          3    ##.....


Dungeon Overview and Level Annotations

Branches:
Dungeon (1/1)

Altars:
Kikubaaqudgha
Sif Muna
Vehumet


Message History

Aiming: Ensorcelled Hibernation
Press: ? - help, Shift-Dir - straight line, f/p - wizard
Aim: a wizard, wielding a dagger and wearing a robe (moderately wounded, fast, chance to defeat MR: 21%)
The wizard resists with almost no effort.
The wizard gestures at you while chanting.
The bolt of cold hits you!
Ouch! That really hurt!
As you close the door, it creaks loudly!
Something unseen opens the door.
You close the door.
Something unseen opens the door.
Casting: Ensorcelled Hibernation
Confirm with . or Enter, or press ? or * to list all spells.
Aiming: Confuse
Press: ? - help, Shift-Dir - straight line, f/p - wizard
Aim: a wizard, wielding a dagger and wearing a robe (moderately wounded, fast, chance to defeat MR: 34%)
The wizard easily resists.
The wizard gestures at you while chanting.
The bolt of cold hits you!
Ouch! That really hurt!
You die...

..'.....♣♣ ♣.#
..#..†...♣ ♣.#
###......♣ ♣♣.#
..#....≈.♣♣♣..###+#+###+
..#...≈≈..♣♣♣.#.........
..#..≈≈≈≈♣.♣..'.⌠.......
#'#..≈≈≈≈≈≈...#...#####
..#.≈≈≈≈≈≈....#.).#
..#.≈≈≈≈≈.....#.@.#
..#.≈≈≈.......#p###
###...........#.:K#
..............#___#
▓▓▓▓▓▓▓▓▓▓▓▓▓▓▓▓▓▓▓


You could see a wizard.

Vanquished Creatures
  A water elemental (D)
  A scorpion (D)
  Jessica (D)
  A kobold demonologist (D)
  A human (D)
  An ooze (D)
  2 rats (D)
8 creatures vanquished.

Vanquished Creatures (others)
  2 draconian scorchers (D)
  2 yaktaurs (D)
  6 hellions (D)
  2 plants (D)
12 creatures vanquished.

Grand Total: 20 creatures vanquished

Notes
Turn   | Place    | Note
-------+----------+-------------------------------------------
     0 | D        | doot the Deep Elf Enchanter began the quest for the Orb.
     0 | D        | Reached XP level 1. HP: 10/10 MP: 6/6
     7 | D        | Reached skill level 5 in Hexes
    15 | D        | Noticed Jessica
    28 | D        | Killed Jessica
    28 | D        | Reached skill level 5 in Stealth
    28 | D        | Reached XP level 2. HP: 8/15 MP: 7/9
    28 | D        | Reached XP level 3. HP: 11/19 MP: 7/10
    84 | D        | Killed a hellion
    98 | D        | Killed a hellion
    98 | D        | Killed a hellion
    98 | D        | Killed a hellion
    99 | D        | Killed a hellion
   120 | D        | Killed a hellion
   157 | D        | Killed a yaktaur
   223 | D        | Killed a white draconian scorcher
   233 | D        | Killed a yaktaur
   234 | D        | Learned a level 3 spell: Tukima's Dance
   235 | D        | Killed a white draconian scorcher
   238 | D        | Learned a level 3 spell: Dazzling Spray
   244 | D        | Noticed a scorpion
   251 | D        | Killed a scorpion
   251 | D        | Reached XP level 4. HP: 24/24 MP: 10/12
   291 | D        | Reached skill level 5 in Spellcasting
   300 | D        | Learned a level 3 spell: Confuse
   303 | D        | Learned a level 2 spell: Ensorcelled Hibernation
   347 | D        | Noticed a water elemental
   350 | D        | Killed a water elemental
   350 | D        | Reached skill level 1 in Fighting
   350 | D        | Reached XP level 5. HP: 29/29 MP: 13/15
   361 | D        | Found a radiant altar of Vehumet.
   362 | D        | Found a deep blue altar of Sif Muna.
   362 | D        | Found an ancient bone altar of Kikubaaqudgha.
   380 | D        | Killed from afar by a wizard

Skill      XL: |  1  2  3  4  5 |
---------------+----------------+-----
Stealth        | 5 7 9 |  9.3
Hexes          | 6 7 8 9 |  9.1
Dodging        | 3 4 |  4.4
Spellcasting   | 4 5 6 |  6.0
Short Blades   | 2 |  2.6
Fighting       | 1 |  1.1
Conjurations   | |  0.3

Action                   |  1- 3 |  4- 6 || total
-------------------------+-------+-------++-------
Melee: Dagger            |    16 |     7 ||    23
 Cast: Corona            |     2 |       ||     2
       Dazzling Spray    |       |     2 ||     2
       Tukima's Dance    |       |     1 ||     1
       Confuse           |       |     6 ||     6
       Ensorcelled Hiber |       |     1 ||     1
  Use: Potion            |       |     1 ||     1
 Stab: Sleeping          |     3 |     1 ||     4
       Invisible         |       |     1 ||     1
       Confused          |       |     1 ||     1
Armor: Robe              |     2 |       ||     2
Dodge: Dodged            |    11 |     3 ||    14
